 Dungeon Crawl Stone Soup version 0.30-a0-723-gc1506a1cf0 (webtiles) character file.

Game seed: 14862612289491244938

47841 kae the Jinx (level 14, -7/68 HPs)
             Began as a Spriggan Enchanter on Jan 28, 2023.
             Was a High Priest of Dithmenos.
             Mangled by a thrashing horror (9 damage)
             ... on level 5 of the Lair of Beasts.
             The game lasted 00:28:37 (20927 turns).

kae the Jinx (Spriggan Enchanter)                  Turns: 20927, Time: 00:28:37

Health: -7/68      AC: 12    Str: 10    XL:     14   Next: 10%
Magic:  0/30       EV: 24    Int: 18    God:    Dithmenos [*****.]
Gold:   1337       SH:  0    Dex: 15    Spells: 24/35 levels left

rFire   . . .      SeeInvis +    N - +5 dagger (venom)
rCold   . . .      Faith    .    (no shield)
rNeg    . . .      Spirit   +    z - +2 robe {Archmagi}
rPois   .          Reflect  .    (helmet restricted)
rElec   .          Harm     .    e - scarf {shadows}
rCorr   .          Rampage  .    (gloves unavailable)
Will    ++...      Archmagi +    (boots unavailable)
Stlth   +++++++++  Rage     3%   G - amulet of guardian spirit
HPRegen 0.00/turn                O - +4 ring of protection
MPRegen 0.22/turn                o - +4 ring of protection

@: sick, wreathed by umbra, very quick
A: very small, no large weapons, unfitting armour, see invisible, speed 3, horns
1, berserk 1, strong 1
a: Renounce Religion, Shadow Step, Shadow Form


You were on level 5 of the Lair of Beasts.
You worshipped Dithmenos.
Dithmenos was extremely pleased with you.
You visited 3 branches of the dungeon, and saw 18 of its levels.
You also visited: Sewer, Gauntlet and Volcano.

You collected 1502 gold pieces.
You spent 165 gold pieces at shops.


Innate Abilities, Weirdness & Mutations

You are very small and have problems with some larger weapons.
You are too small for most types of armour.
You have supernaturally acute eyesight. (SInv)
You cover ground extremely quickly. (Speed+++)
You have a pair of small horns on your head.
You sometimes lose your temper in combat.
Your muscles are strong. (Str +4, Int/Dex -1)


   Skills:
 + Level 5.6 Fighting
 * Level 13.4 Short Blades
 + Level 11.7 Dodging
 + Level 14.0 Stealth
 + Level 11.0 Spellcasting
 * Level 14.9 Hexes
 - Level 2.0 Ice Magic
 + Level 6.7 Invocations


You had 24 spell levels left.
You knew the following spells:

 Your Spells              Type           Power      Damage    Failure   Level
a - Ensorcelled Hibernat  Hex/Ice        100%       N/A       1%          2
b - Confusing Touch       Hex            77%        N/A       1%          3
c - Tukima's Dance        Hex            77%        N/A       1%          3
d - Dazzling Flash        Conj/Hex       100%       N/A       1%          3

Your spell library contained the following spells:

 Spells                   Type           Power      Damage    Failure   Level
 Slow                     Hex            100%       N/A       0%          1
 Fulminant Prism          Conj/Hex       26%        3d14      3%          4
 Apportation              Tloc           28%        N/A       7%          1
 Magic Dart               Conj           56%        1d5       7%          1
 Frozen Ramparts          Ice            50%        1d8       10%         3
 Silence                  Hex/Air        26%        N/A       10%         5
 Blink                    Tloc           28%        N/A       11%         2
 Cigotuvi's Dreadful Rot  Necr/Pois/Air  28%        N/A       11%         2
 Passwall                 Tmut/Erth      11%        N/A       11%         2
 Searing Ray              Conj           28%        2d5       11%         2
 Sublimation of Blood     Necr           14%        N/A       11%         2
 Hailstorm                Conj/Ice       20%        3d6       14%         3
 Ignite Poison            Fire/Tmut/Pois 14%        N/A       22%         3
 Kindle Blastsparks       Fire/Tloc/Air  28%        2d12      22%         3
 Stone Arrow              Conj/Erth      28%        3d8       22%         3
 Swiftness                Air            14%        N/A       22%         3
 Animate Armour           Summ/Erth      28%        N/A       56%         4
 Dispel Undead            Necr           14%        3d10      56%         4
 Manifold Assault         Tloc           14%        N/A       56%         4
 Petrify                  Tmut/Erth      14%        N/A       56%         4
 Sticky Flame             Conj/Fire      14%        2d4       56%         4
 Freezing Cloud           Conj/Ice/Air   9%         6-21      83%         5
 Agony                    Necr           14%        N/A       89%         5
 Alistair's Intoxication  Tmut/Pois      9%         N/A       89%         5
 Irradiate                Conj/Tmut      7%         3d14      89%         5
 Death Channel            Necr           7%         N/A       100%        6
 Storm Form               Tmut/Air       7%         N/A       100%        7
 Ignition                 Fire           7%         3d4       100%        8
 Lehudib's Crystal Spear  Conj/Erth      7%         10d3      100%        8
 Death's Door             Necr           7%         N/A       100%        9

Inventory:

Hand Weapons
 A - a +2 antimagic dagger
   (You bought it in a shop on level 7 of the Dungeon)
 B - a +1 dagger of protection
   (You took it off an orc on level 8 of the Dungeon)
 N - a +5 dagger of venom (weapon)
   (You took it off Nergalle on level 11 of the Dungeon)
Missiles
 f - 44 poisoned darts
 M - 3 throwing nets {=f!f}
 X - 2 curare-tipped darts (quivered) {=f}
Armour
 e - a scarf of shadows (worn)
   (You found it on level 3 of the Lair of Beasts)
 z - a +2 robe of the Archmagi (worn)
   (You took it off Pikel on level 7 of the Dungeon)
Magical Staves
 h - a staff of conjuration {!a}
   (You found it on level 2 of the Dungeon)
 w - a staff of poison {!a}
   (You found it on level 4 of the Lair of Beasts)
 Z - a staff of earth {!a}
   (You found it in a Gauntlet)
Jewellery
 l - the amulet "Tomapp" {Faith rF+}
   (You found it on level 3 of the Dungeon)

   [amulet of faith]

   It allows you to gain divine favour quickly.
   rF:        It protects you from fire.
 o - a +4 ring of protection (right hand)
   (You found it on level 11 of the Dungeon)
 C - a ring of ice
   (You found it on level 11 of the Dungeon)
 E - a +5 ring of evasion
   (You took it off a minotaur in a Gauntlet)
 F - a ring of fire
   (You found it on level 6 of the Dungeon)
 G - an amulet of guardian spirit (around neck)
   (You found it on level 3 of the Dungeon)
 O - a +4 ring of protection (left hand)
   (You found it on level 10 of the Dungeon)
 R - a ring of resist corrosion
   (You found it on level 10 of the Dungeon)
 W - an amulet of reflection
   (You found it in a Gauntlet)
 Y - a +4 ring of slaying
   (You found it on level 12 of the Dungeon)
Wands
 k - a wand of flame (60)
   (You found it on level 5 of the Dungeon)
 u - a wand of charming (8)
   (You took it off Pikel on level 7 of the Dungeon)
 V - a wand of iceblast (6)
   (You found it on level 1 of the Lair of Beasts)
Scrolls
 a - a scroll of blinking {!r}
 d - 8 scrolls of teleportation {@r4}
 r - 4 scrolls of magic mapping {!r}
 s - 6 scrolls of vulnerability {!r!r}
 D - 3 scrolls of fear
 I - a scroll of silence {!r}
 K - a scroll of torment {!r}
 L - 4 scrolls of poison {!r}
 P - 2 scrolls of fog
 Q - 3 scrolls of identify {@r1}
Potions
 c - 5 potions of invisibility
 g - 3 potions of brilliance
 i - 5 potions of flight
 j - 2 potions of resistance
 m - 4 potions of haste {@q3}
 n - 3 potions of lignification {!q}
 p - a potion of ambrosia
 q - 7 potions of heal wounds {@q2}
 t - 7 potions of might
 v - 2 potions of attraction {!q}
 x - 2 potions of berserk rage {!q}
 J - 3 potions of mutation {!q}
 S - 8 potions of curing {@q1}
 T - a potion of cancellation
 U - a potion of magic

Dungeon Overview and Level Annotations

Branches:
Dungeon (12/15) Zot: 26328  Temple (1/1) D:5 Zot: 5956    Lair (5/5) D:11 Zot: 25520
 Shoals (0/4) Lair:3        Snake (0/4) Lair:2        Slime (0/5) Lair:5
    Orc (0/2) D:10          Sewer (visited)         Volcano (visited)
Gauntlet (visited)

Altars:
Ashenzari
Cheibriados
Dithmenos
Elyvilon
Fedhas
Gozag
Hepliaklqana
Kikubaaqudgha
Makhleb
Nemelex Xobeh
Okawaru
Qazlal
Ru
Sif Muna
Trog
Uskayaw
Vehumet
Wu Jian
Xom
Yredelemnul
Zin
The Shining One
Jiyva

Shops:
D:2 :   D:7 (:**(

Annotations:
D:12 2 transporters, Uwkeq's ghost, journeyman MiFi

♣♣♣♣♣♣♣♣♣♣♣ ♣♣♣ ♣♣
♣♣♣♣.[...♣♣..♣♣♣ ♣♣.♣♣♣.♣
♣♣♣♣.....♣♣........ ÷.....♣
♣♣.......♣♣♣♣♣♣..... .....♣
♣♣......♣♣♣ ♣♣♣♣♣..♣♣ ♣♣..♣♣♣
♣♣♣..)@X..♣♣♣♣♣..♣..♣♣
♣♣♣...♣♣♣♣♣......♣♣...♣♣.......♣♣
♣♣♣...♣♣....♣♣♣♣♣♣.......♣♣...♣
♣♣..♣...♣♣♣ ♣♣♣♣.♣♣♣♣♣♣♣X. ♣♣
♣.....♣♣ ♣♣♣ ♣♣♣. .♣ ♣...♣♣♣♣
♣♣..♣ .♣ ♣...♣♣ ♣).♣♣ .♣♣...♣♣
♣♣♣♣ ♣♣♣X.♣ †.....♣ ♣♣♣...♣♣†..♣♣


You could see a thrashing horror.


Message History

* * * LOW HITPOINT WARNING * * *
You hold your ground!
The thrashing horror barely misses you. The thrashing horror misses you.
The thrashing horror barely misses you.
The thrashing horror closely misses you.
The thrashing horror completely misses you. 😨 HP[-11] MP[-9]
You take 11 damage, and now have 26/68 hp.
You lost 9 mp, and now have 11/29 mp.
You hit the thrashing horror but do no damage.
The thrashing horror appears confused.
Your headbutt misses the thrashing horror.
The thrashing horror tramples you but does no damage.
The thrashing horror completely misses you.
The cyan ugly thing closely misses you.
The thrashing horror tramples the cyan ugly thing but does no damage.
The thrashing horror barely misses the cyan ugly thing.
You closely miss the thrashing horror. You headbutt the thrashing horror.
Your shadow hits the thrashing horror but does no damage.
The thrashing horror closely misses you.
The thrashing horror completely misses you.
The thrashing horror tramples the cyan ugly thing!
The cyan ugly thing holds its ground!
The cyan ugly thing is killed!
Dithmenos accepts your kill.
Your Spellcasting skill increases to level 11!
You hit the thrashing horror. You headbutt the thrashing horror.
Your shadow hits the thrashing horror with a dagger.
The thrashing horror tramples you but does no damage.
The thrashing horror completely misses you. x2
The thrashing horror tramples you but does no damage.
You hit the thrashing horror but do no damage.
The thrashing horror completely misses you.
The thrashing horror misses you.
The thrashing horror tramples you but does no damage.
The thrashing horror misses you. x2
The thrashing horror tramples you but does no damage. 😨 MP[+1]
You hit the thrashing horror but do no damage.
The thrashing horror tramples itself. x2; The thrashing horror tramples you!
* * * LOW HITPOINT WARNING * * *
You hold your ground!
The thrashing horror misses you. 😨 HP[-8] MP[-3]
You take 8 damage, and now have 18/68 hp.
You lost 3 mp, and now have 9/30 mp.
You hit the thrashing horror.
You headbutt the thrashing horror, but do no damage.
Your shadow hits the thrashing horror but does no damage.
The thrashing horror closely misses you. x2
The thrashing horror tramples the thrashing horror!
The thrashing horror holds its ground!
The thrashing horror tramples the thrashing horror!
The thrashing horror stumbles backwards!
Unknown command.
You hit the thrashing horror. The thrashing horror tramples you.
* * * LOW HITPOINT WARNING * * *
You hold your ground!
The thrashing horror misses you. 😱 HP[-3] MP[-2]
You take 3 damage, and now have 15/68 hp.
You lost 2 mp, and now have 7/30 mp.
The thrashing horror completely misses you.
The thrashing horror misses you.
The thrashing horror barely misses the thrashing horror.
The thrashing horror closely misses the thrashing horror.
The thrashing horror barely misses the thrashing horror.
The thrashing horror tramples the thrashing horror.
The thrashing horror stumbles backwards!
The thrashing horror closely misses you.
The thrashing horror tramples you but does no damage. 😱 MP[+1]
The thrashing horror attacks as you move away!
The thrashing horror completely misses you. x2
The thrashing horror misses you.
The thrashing horror closely misses you.
The thrashing horror attacks as you move away!
The thrashing horror barely misses you.
The thrashing horror completely misses you.
The thrashing horror closely misses you.
The thrashing horror barely misses you.
The thrashing horror attacks as you move away!
The thrashing horror closely misses you.
The thrashing horror barely misses you. 😱 MP[+1]
The thrashing horror misses you.
The thrashing horror tramples you but does no damage.
The thrashing horror tramples you!
* * * LOW HITPOINT WARNING * * *
You stumble backwards! 😱 HP[-7] MP[-5]
You take 7 damage, and now have 8/68 hp.
You lost 5 mp, and now have 4/30 mp.
The thrashing horror attacks as you move away!
The thrashing horror tramples you!
* * * LOW HITPOINT WARNING * * *
The thrashing horror barely misses you. 😱 HP[-6] MP[-2]
You take 6 damage, and now have 2/68 hp.
You lost 2 mp, and now have 2/30 mp.
The thrashing horror attacks as you move away!
The thrashing horror tramples you!
You die...

Skill      XL: |  1  2  3  4  5  6  7  8  9 10 11 12 13 14 |
---------------+-------------------------------------------+-----
Dodging        | 3 4 5 6 7 8 9 10 11 | 11.7
Hexes          | 4 5 6 8 9 11 12 13 14 | 14.9
Spellcasting   | 3 4 5 7 8 9 10 11 | 11.0
Short Blades   | 2 3 4 5 6 8 9 10 12 13 | 13.4
Ice Magic      | 1 2 |  2.0
Stealth        | 5 6 8 9 10 11 12 13 14 | 14.0
Invocations    | 2 4 5 6 |  6.7
Fighting       | 2 3 4 5 |  5.6

Action                     |  1- 3 |  4- 6 |  7- 9 | 10-12 | 13-15 || total
---------------------------+-------+-------+-------+-------+-------++-------
  Melee: Dagger            |   131 |   116 |   351 |   828 |   467 ||  1893
         Punch             |       |     1 |     4 |    15 |     7 ||    27
         Headbutt          |       |       |    45 |   195 |   128 ||   368
  Throw: Stone             |       |       |     4 |       |       ||     4
   Cast: Ensorcelled Hiber |    12 |    27 |    75 |    93 |    18 ||   225
         Confusing Touch   |       |     3 |    10 |     9 |     5 ||    27
         Tukima's Dance    |       |       |     3 |       |       ||     3
 Invoke: Shadow Step       |       |       |       |       |     2 ||     2
    Use: Scroll            |     8 |     4 |     6 |     5 |     5 ||    28
         Potion            |       |     1 |     7 |     1 |     2 ||    11
   Stab: Sleeping          |    16 |    28 |    56 |    91 |    35 ||   226
         Confused          |       |     3 |     6 |     8 |     3 ||    20
         Distracted        |       |       |       |     4 |     1 ||     5
         Invisible         |       |       |       |       |     8 ||     8
 Armour: Robe              |    11 |     7 |    20 |    97 |    70 ||   205
         Skin              |       |       |     2 |       |       ||     2
  Dodge: Dodged            |    81 |    62 |   273 |   658 |   456 ||  1530

Levels and vault maps discovered:
D:1:      nzn_arrival_crosshair, layout_basic, minivault_23
D:2:      layout_basic, serial_shops, shop_fountains, item_on_display_a,
          uniq_robin
D:3:      layout_basic, nicolae_hexahallways, minmay_hedge_maze,
          chequers_serial_rivers_large_b
D:4:      layout_loops_cross, mainiacjoe_overflow_boulevard, corexii_shack,
          hangedman_decor_peaks_small, uniq_duvessa
D:5:      cheibrodos_quashed, layout_rooms, mainiacjoe_overflow_paths,
          minmay_temple_entry_overgrown, portal_sewer_entry_f, uniq_edmund
D:6:      layout_loops_ring, serial_glass, glass_columns_a, glass_columns_a,
          minmay_misc_feat_nine_boxes
D:7:      layout_loops_ring, trog_book, serial_shops, shop,
          nicolae_shop_overgrown_old_shop, shop, nicolae_shop_advertising_works
          [nicolae_subvault_shop_adworks], nicolae_diamond_shop, uniq_pikel,
          uniq_crazy_yiuf_cottage
D:8:      layout_cave_pools, nicolae_overflows_in_rows, serial_bayou_pond_c
D:9:      layout_rooms, uniq_grum
D:10:     minmay_opposing_rooms, layout_irregular_city, orc_0_dummy,
          nicolae_concentric_dashed_squares_mild, kennysheep_another_room,
          uniq_harold
D:11:     layout_cave_pools, david_lair_generic, uniq_nergalle, uniq_psyche
D:12:     layout_loops_ring, gammafunk_ghost_stat_death
Temple:   compressed_dpeg_triangle_lava_temple
Lair:1:   layout_regular_city, gauntlet_entry_generic, enter_volcano_1,
          minmay_stone_trees_small
Lair:2:   layout_hall_layers, dummy_snake_entry
Lair:3:   layout_layer_cave, minmay_shoals_entry_hut,
          infiniplex_staircase_pool_2, lemuel_fruit_fields,
          serial_bayou_shore_a, uniq_amaemon, uniq_snorg, uniq_urug
Lair:4:   layout_long_grid
Lair:5:   hellmonk_lair_end_abyssal_woods, layout_regular_city,
          minmay_slime_entry_oklob_enclosed

Notes
Turn   | Place    | Note
-------+----------+-------------------------------------------
     0 | D:1      | kae the Spriggan Enchanter began the quest for the Orb.
     0 | D:1      | Reached XP level 1. HP: 9/9 MP: 5/5
     0 | D:1      | magus.rc [v1.11.3]
   125 | D:1      | You pick up a book of Party Tricks and begin reading...
   125 | D:1      | You add the spells Apportation and Alistair's Intoxication
                  | to your library.
   187 | D:1      | Reached XP level 2. HP: 13/13 MP: 6/6
   190 | D:1      | Learned a level 2 spell: Ensorcelled Hibernation
   358 | D:1      | You add the spells Ignite Poison, Sticky Flame and Ignition
                  | to your library.
   384 | D:1      | You add the spells Kindle Blastsparks and Freezing Cloud to
                  | your library.
   551 | D:1      | Reached skill level 3 in Dodging
   567 | D:1      | Reached skill level 4 in Hexes
  1275 | D:2      | Reached skill level 3 in Spellcasting
  1275 | D:2      | Reached XP level 3. HP: 16/16 MP: 2/8
  1279 | D:2      | Learned a level 3 spell: Confusing Touch
  1283 | D:2      | Learned a level 3 spell: Tukima's Dance
  1340 | D:2      | You pick up a book of Decay and begin reading...
  1340 | D:2      | You add the spells Cigotuvi's Dreadful Rot, Dispel Undead
                  | and Death Channel to your library.
  1459 | D:2      | Reached skill level 2 in Short Blades
  1479 | D:2      | Noticed Robin
  1489 | D:2      | Killed Robin
  1735 | D:2      | Found Maimuqi's Book Emporium.
  1740 | D:2      | Reached skill level 1 in Ice Magic
  1768 | D:3      | Identified the amulet "Tomapp" {Faith rF+}
  1820 | D:3      | Reached XP level 4. HP: 11/21 MP: 0/9
  2708 | D:4      | Noticed Duvessa
  3023 | D:4      | Noticed Dowan
  3155 | D:4      | HP: 3/21 [Duvessa/+0 short sword of speed (5)]
  3158 | D:4      | Found an ornate altar of the Wu Jian Council.
  3159 | D:4      | Killed Duvessa
  3160 | D:4      | Reached skill level 5 in Stealth
  3160 | D:4      | Reached XP level 5. HP: 5/24 MP: 5/11
  3316 | D:4      | Killed Dowan
  3317 | D:4      | Reached skill level 3 in Short Blades
  3317 | D:4      | Reached skill level 5 in Hexes
  3460 | D:4      | You add the spells Hailstorm, Frozen Ramparts and Death's
                  | Door to your library.
  3460 | D:4      | Got the Meditations on the Macabre Chill
  3681 | D:4      | You pick up a book of Burglary and begin reading...
  3681 | D:4      | You add the spells Passwall and Swiftness to your library.
  3844 | D:5      | Entered Level 5 of the Dungeon
  3874 | D:5      | Reached XP level 6. HP: 25/28 MP: 7/12
  3898 | D:5      | Found a staircase to the Ecumenical Temple.
  3907 | Temple   | Entered the Ecumenical Temple
  3991 | D:5      | Found an ancient bone altar of Kikubaaqudgha.
  3999 | D:5      | Reached skill level 2 in Ice Magic
  4089 | D:5      | Noticed Edmund
  4116 | D:5      | Reached skill level 4 in Dodging
  4116 | D:5      | Reached skill level 4 in Spellcasting
  4130 | D:5      | Found a glowing drain.
  4210 | Sewer    | Entered a sewer
  4429 | Sewer    | HP: 7/28 [poisoned by an adder]
  4431 | Sewer    | Reached skill level 4 in Short Blades
  4431 | Sewer    | Reached XP level 7. HP: 7/32 MP: 10/14
  4434 | Sewer    | HP: 5/32 [poisoned by an adder]
  4742 | Sewer    | Reached skill level 6 in Stealth
  4984 | Sewer    | Reached skill level 6 in Hexes
  4984 | Sewer    | HP: 6/32 [kobold brigand/+0 dagger (6)]
  4985 | Sewer    | HP: 2/32 [kobold/+0 club (3)]
  5003 | Sewer    | HP: 8/32 [kobold/+0 club (3)]
  5270 | D:5      | HP: 8/32 [poisoned by Edmund]
  5304 | D:5      | HP: 8/32 [poisoned by Edmund]
  5307 | D:5      | Gained mutation: You sometimes lose your temper in combat.
                  | [potion of mutation]
  5307 | D:5      | Gained mutation: You have a pair of small horns on your
                  | head. [potion of mutation]
  5307 | D:5      | Gained mutation: Your muscles are strong. (Str +4, Int/Dex
                  | -1) [potion of mutation]
  5309 | D:5      | HP: 3/32 [poisoned by Edmund]
  5313 | D:5      | HP: 1/48 [poisoned by Edmund]
  5318 | D:5      | Killed Edmund
  5512 | D:5      | Reached skill level 5 in Short Blades
  5512 | D:5      | Reached skill level 5 in Dodging
  5532 | D:5      | Reached XP level 8. HP: 25/36 MP: 3/16
  5732 | D:5      | You pick up a book of Conjurations and begin reading...
  5732 | D:5      | You add the spells Magic Dart, Searing Ray and Fulminant
                  | Prism to your library.
  5962 | D:6      | Reached skill level 7 in Hexes
  5967 | D:6      | Reached skill level 7 in Stealth
  5967 | D:6      | Reached skill level 5 in Spellcasting
  6279 | D:6      | Reached skill level 6 in Short Blades
  6369 | D:6      | You pick up a book of Armaments and begin reading...
  6369 | D:6      | You add the spells Stone Arrow, Animate Armour and
                  | Lehudib's Crystal Spear to your library.
  6664 | D:6      | Reached skill level 6 in Dodging
  6664 | D:6      | Reached skill level 8 in Hexes
  6939 | D:7      | Reached skill level 8 in Stealth
  6947 | D:7      | Reached XP level 9. HP: 36/39 MP: 8/18
  7150 | D:7      | Found Imiadax's Antique Weapon Emporium.
  7412 | D:7      | Reached skill level 6 in Spellcasting
  7459 | D:7      | Reached skill level 7 in Short Blades
  7721 | D:7      | Found a bloodstained altar of Trog.
  7860 | D:7      | Reached skill level 9 in Hexes
  7932 | D:7      | Found Nuofofor's Assorted Antiques.
  7933 | D:7      | Found Vuxtomme's Book Shoppe.
  8138 | D:7      | Found Hooxkudi's Assorted Antiques.
  8146 | D:7      | Bought a scroll labelled OSTRI RIMOPH for 29 gold pieces
  8146 | D:7      | Bought a sedimented black potion for 26 gold pieces
  8207 | D:7      | Found Aruanate's Weapon Emporium.
  8290 | D:7      | Identified a +2 robe of the Archmagi
  8290 | D:7      | Noticed Pikel
  8311 | D:7      | Killed Pikel
  8312 | D:7      | Reached skill level 8 in Short Blades
  8312 | D:7      | Reached skill level 7 in Dodging
  8312 | D:7      | Reached skill level 9 in Stealth
  8393 | D:7      | Found a runed translucent door.
  8394 | D:7      | Noticed Crazy Yiuf
  8404 | D:7      | Killed Crazy Yiuf
  8482 | D:7      | Bought a glowing dagger for 110 gold pieces
  8720 | D:8      | Reached skill level 7 in Spellcasting
  8724 | D:8      | Reached XP level 10. HP: 31/44 MP: 5/21
  8897 | D:8      | Found a shimmering blue altar of Sif Muna.
  8897 | D:8      | Found a glowing golden altar of the Shining One.
  8898 | D:8      | Found a hazy altar of Hepliaklqana.
  8899 | D:8      | Found an iron altar of Okawaru.
  8900 | D:8      | Found an opulent altar of Gozag.
  8900 | D:8      | Found a broken altar of Ashenzari.
  8901 | D:8      | Found a basalt altar of Yredelemnul.
  9149 | D:8      | Reached skill level 10 in Hexes
  9433 | D:8      | Found a shadowy altar of Dithmenos.
  9433 | D:8      | Found a shimmering altar of Xom.
  9434 | D:8      | Found a snail-covered altar of Cheibriados.
  9442 | D:8      | Became a worshipper of Dithmenos the Shadowed
  9483 | D:9      | Noticed a manticore
  9502 | D:9      | Killed a manticore
  9502 | D:9      | Noticed Grum
  9511 | D:9      | HP: 4/66 [orc warrior/+0 dire flail (13)]
  9844 | D:9      | Reached skill level 1 in Invocations
  9854 | D:9      | Killed Grum
 10023 | D:9      | Reached skill level 1 in Fighting
 10025 | D:9      | Reached skill level 8 in Dodging
 10173 | D:9      | Reached skill level 10 in Stealth
 10181 | D:9      | Reached skill level 9 in Short Blades
 10335 | D:9      | Reached * piety under Dithmenos
 10509 | D:9      | Learned a level 3 spell: Dazzling Flash
 10519 | D:10     | Entered Level 10 of the Dungeon
 10588 | D:10     | Reached skill level 2 in Invocations
 10844 | D:10     | Found a staircase to the Orcish Mines.
 11071 | D:10     | You pick up a book of Armaments and begin reading...
 11098 | D:10     | Noticed Harold
 11105 | D:10     | Killed Harold
 11106 | D:10     | Reached skill level 2 in Fighting
 11106 | D:10     | Reached skill level 8 in Spellcasting
 11106 | D:10     | Reached skill level 11 in Hexes
 11106 | D:10     | Reached XP level 11. HP: 39/50 MP: 13/24
 11265 | D:10     | HP: 18/75 [acid dragon (2)]
 11270 | D:10     | HP: 14/75 [poisoned by a gnoll sergeant]
 11275 | D:10     | HP: 13/75 [poisoned by a gnoll sergeant]
 11280 | D:10     | HP: 11/75 [poisoned by a gnoll sergeant]
 11286 | D:10     | HP: 10/75 [poisoned by a gnoll sergeant]
 11758 | D:11     | Reached skill level 3 in Invocations
 11770 | D:11     | Noticed Nergalle
 11776 | D:11     | Reached ** piety under Dithmenos
 11940 | D:11     | Killed Nergalle
 11941 | D:11     | Reached skill level 10 in Short Blades
 12017 | D:11     | Found a staircase to the Lair.
 12017 | D:11     | Noticed a death yak
 12064 | D:10     | Reached skill level 9 in Dodging
 12064 | D:10     | Reached skill level 11 in Stealth
 12357 | D:11     | HP: 9/51 [vampire mosquito (5)]
 12358 | D:11     | HP: 3/51 [vampire mosquito (6)]
 12591 | D:11     | Noticed Psyche
 12598 | D:11     | Killed Psyche
 12848 | D:11     | Got the Essays on the Oath
 12908 | D:11     | HP: 11/51 [death yak (16)]
 12928 | D:11     | Killed a death yak
 13238 | D:12     | Reached skill level 3 in Fighting
 13283 | D:12     | Reached skill level 12 in Hexes
 13302 | D:12     | Noticed a deep elf pyromancer
 13322 | D:12     | Killed a deep elf pyromancer
 13323 | D:12     | Reached skill level 4 in Invocations
 13407 | D:12     | Noticed a purple ugly thing
 13410 | D:12     | Killed a purple ugly thing
 13410 | D:12     | Reached *** piety under Dithmenos
 13480 | D:12     | Noticed Uwkeq's ghost (journeyman MiFi)
 13493 | D:12     | Found a transporter.
 13526 | D:12     | Found a transporter.
 13628 | D:12     | Noticed a boulder beetle
 13662 | D:12     | Killed a boulder beetle
 13663 | D:12     | Reached skill level 9 in Spellcasting
 13677 | D:12     | Noticed a deep elf pyromancer
 13680 | D:12     | Killed a deep elf pyromancer
 13681 | D:12     | Reached XP level 12. HP: 56/56 MP: 26/26
 14044 | Lair:1   | Entered Level 1 of the Lair of Beasts
 14051 | Lair:1   | Found a gate leading to a gauntlet.
 14072 | Gauntlet | Entered a Gauntlet
 14072 | Gauntlet | Found a transporter.
 14078 | Gauntlet | Found a transporter.
 14089 | Gauntlet | Found a transporter.
 14092 | Gauntlet | Found a transporter.
 14101 | Gauntlet | Found a transporter.
 14117 | Gauntlet | Found a transporter.
 14128 | Gauntlet | Found a transporter.
 14135 | Gauntlet | Found a transporter.
 14146 | Gauntlet | Found a transporter.
 14146 | Gauntlet | Found a transporter.
 14148 | Gauntlet | Found a transporter.
 14178 | Gauntlet | Found a transporter.
 14191 | Gauntlet | Found a transporter.
 14246 | Gauntlet | Found a transporter.
 14332 | Gauntlet | Reached skill level 11 in Short Blades
 14442 | Gauntlet | Reached skill level 12 in Stealth
 14444 | Gauntlet | You pick up a book of Alchemy and begin reading...
 14444 | Gauntlet | You add the spells Sublimation of Blood, Petrify and
                  | Irradiate to your library.
 14490 | Gauntlet | Noticed a minotaur
 14497 | Gauntlet | Killed a minotaur
 14502 | Gauntlet | Identified the +2 short sword "Heimeege" {antimagic, rElec
                  | rF- rN+++ Stlth+}
 14653 | Lair:1   | Found a dark tunnel.
 14664 | Volcano  | Entered a volcano
 14706 | Volcano  | Reached skill level 10 in Dodging
 14923 | Volcano  | Found a bloodstained altar of Trog.
 14932 | Volcano  | Reached **** piety under Dithmenos
 14990 | Volcano  | Reached skill level 13 in Hexes
 15122 | Lair:1   | Noticed a boulder beetle
 15130 | Lair:1   | Killed a boulder beetle
 15131 | Lair:1   | Reached skill level 4 in Fighting
 15224 | Lair:1   | Reached skill level 5 in Invocations
 15518 | Lair:1   | Noticed a boulder beetle
 15530 | Lair:1   | Killed a boulder beetle
 16171 | Lair:2   | Reached skill level 12 in Short Blades
 16370 | Lair:2   | You add the spells Blink, Manifold Assault and Storm Form
                  | to your library.
 16603 | Lair:2   | Reached XP level 13. HP: 63/63 MP: 27/27
 16611 | Lair:2   | You pick up a book of Party Tricks and begin reading...
 16808 | Lair:2   | HP: 22/94 [poisoned by a cane toad]
 16809 | Lair:2   | Reached skill level 10 in Spellcasting
 16813 | Lair:2   | HP: 7/63 [poisoned by a cane toad]
 17027 | Lair:2   | Found a staircase to the Snake Pit.
 17252 | Lair:3   | Noticed Snorg
 17278 | Lair:3   | HP: 13/63 [Snorg (5)]
 17487 | Lair:3   | Reached skill level 13 in Stealth
 17545 | Lair:3   | Killed Snorg
 17661 | Lair:3   | You pick up a book of the Senses and begin reading...
 17661 | Lair:3   | You add the spells Agony and Silence to your library.
 17712 | Lair:3   | Noticed Amaemon
 17722 | Lair:3   | Killed Amaemon
 18013 | Lair:3   | Noticed Urug
 18017 | Lair:3   | Killed Urug
 18018 | Lair:3   | Reached skill level 14 in Hexes
 18019 | Lair:3   | a +5 double sword of protection {rare}; 4 javelins; a +0
                  | scale mail
 18046 | Lair:3   | a +5 double sword of protection {rare}; 4 javelins; a +0
                  | scale mail
 18151 | Lair:3   | Found a staircase to the Shoals.
 18347 | Lair:4   | Reached skill level 11 in Dodging
 18369 | Lair:4   | Reached skill level 6 in Invocations
 18437 | Lair:4   | Reached skill level 5 in Fighting
 18684 | Lair:4   | Reached ***** piety under Dithmenos
 18966 | Lair:5   | Entered Level 5 of the Lair of Beasts
 19366 | Lair:5   | Found a viscous altar of Jiyva.
 19368 | Lair:5   | Found a staircase to the Slime Pits.
 19372 | Lair:5   | Reached skill level 13 in Short Blades
 20367 | Lair:5   | HP: 11/64 [smoke demon/divine providence (10)]
 20371 | Lair:5   | HP: 4/64 [burnt (4)]
 20554 | Lair:5   | Identified the +1 pair of boots "Anotwel" {Harm Slay+3}
 20650 | Lair:5   | Reached XP level 14. HP: 38/68 MP: 18/29
 20675 | Lair:5   | Reached skill level 14 in Stealth
 20902 | Lair:5   | Reached skill level 11 in Spellcasting
 20906 | Lair:5   | HP: 15/68 [thrashing horror (3)]
 20925 | Lair:5   | HP: 8/68 [thrashing horror (7)]
 20926 | Lair:5   | HP: 2/68 [thrashing horror (6)]
 20927 | Lair:5   | Mangled by a thrashing horror

Vanquished Creatures
  A minotaur (Gauntlet)
  Snorg (Lair:3)
  3 hydras
  Harold (D:10)
  3 boulder beetles
  A two-headed ogre (shapeshifter) (Lair:5)
  A death yak (D:11)
  Urug (Lair:3)
  A hell knight (Volcano)
  Nergalle (D:11)
  Amaemon (Lair:3)
  A sixfirhy (Gauntlet)
  Pikel (D:7)
  2 deep elf pyromancers (D:12)
  3 oklob plants (Lair:5)
  A manticore (D:9)
  A salamander (shapeshifter) (Lair:5)
  A cyclops (D:10)
  2 ugly things
  An apocalypse crab (Gauntlet)
  8 elephants
  A gargoyle (D:12)
  3 black mambas
  An orange demon (Lair:3)
  2 smoke demons
  9 cane toads
  Psyche (D:11)
  4 rime drakes
  5 komodo dragons
  A minotaur zombie (Gauntlet)
  2 ancient zymes (Lair:5)
  2 trolls
  5 dream sheep (Lair:4)
  3 polar bears
  24 blink frogs
  A snapping turtle (Lair:3)
  A centaur simulacrum (D:10)
  A shadow (D:10)
  5 slime creatures
  A vampire (D:12)
  2 wraiths
  A spriggan (Lair:5)
  3 wyverns
  16 yaks
  5 fire bats (Volcano)
  Grum (D:9)
  4 basilisks
  3 vampire mosquitoes (D:11)
  2 chaos spawn (Lair:5)
  Edmund (D:5)
  4 acid dragons
  3 hell hounds (Volcano)
  Duvessa (D:4)
  14 water moccasins
  7 orc warriors
  A sky beast (D:6)
  3 black bears
  An ogre (D:6)
  12 small abominations (Lair:5)
  4 centaurs
  2 wolves (D:9)
  A lemure (D:7)
  2 phantoms
  6 kobold brigands
  2 necrophages (D:5)
  8 bullfrogs
  3 scorpions
  4 gnoll sergeants
  10 wights (D:7)
  Dowan (D:4)
  25 killer bees
  5 howler monkeys
  An electric eel (Lair:3)
  6 lava snakes (Volcano)
  5 orc priests
  Crazy Yiuf (D:7)
  2 gnoll boudas (D:6)
  4 hounds (D:5)
  5 jellies
  4 iguanas
  12 orc wizards
  Robin (D:2)
  26 gnolls
  5 adders
  4 river rats (Sewer)
  A shadow imp (D:5)
  4 ufetubi
  A dart slug (D:1)
  28 orcs
  2 bats
  6 endoplasms
  3 giant cockroaches
  11 goblins
  10 hobgoblins
  3 jackals (D:1)
  3 quokkas (D:5)
  16 ball pythons
  5 frilled lizards
  32 kobolds
  16 rats
482 creatures vanquished.

Vanquished Creatures (collateral kills)
  A gnoll (D:6)
1 creature vanquished.

Vanquished Creatures (others)
  7 fungi
  6 plants
13 creatures vanquished.

Grand Total: 496 creatures vanquished

Table legend:
 A = Non-vault XP
 B = Vault XP
 C = Vault XP percentage of total XP
 D = Non-vault monster count
 E = Vault monster count
 F = Vault count percentage of total count
                 A         B        C        D         E       F
            +---------+---------+-------+---------+---------+-------
      Total |   41570 |   26775 |  39.2 |     325 |     157 |  32.6
            +---------+---------+-------+---------+---------+-------
        D:1 |      30 |       2 |   6.2 |      18 |       1 |   5.3
        D:2 |      25 |      35 |  58.3 |       9 |      11 |  55.0
        D:3 |      30 |       0 |   0.0 |      10 |       0 |   0.0
        D:4 |      17 |     209 |  92.5 |       9 |       2 |  18.2
        D:5 |     748 |     172 |  18.7 |      17 |       5 |  22.7
        D:6 |    1294 |       0 |   0.0 |      25 |       0 |   0.0
        D:7 |    1293 |     705 |  35.3 |      26 |       2 |   7.1
        D:8 |    1339 |       0 |   0.0 |      42 |       0 |   0.0
        D:9 |    1695 |     424 |  20.0 |      25 |       3 |  10.7
       D:10 |    1864 |    3369 |  64.4 |      19 |      12 |  38.7
       D:11 |    1592 |    2248 |  58.5 |      18 |       5 |  21.7
       D:12 |    4998 |       0 |   0.0 |      19 |       0 |   0.0
     Lair:1 |    4563 |       0 |   0.0 |      15 |       0 |   0.0
     Lair:2 |    5886 |       0 |   0.0 |      23 |       0 |   0.0
     Lair:3 |    4234 |    3149 |  42.7 |      11 |       5 |  31.2
     Lair:4 |    6923 |       0 |   0.0 |      21 |       0 |   0.0
     Lair:5 |    5039 |    9816 |  66.1 |      18 |      37 |  67.3
      Sewer |       0 |     331 | 100.0 |       0 |      46 | 100.0
    Volcano |       0 |    2906 | 100.0 |       0 |      16 | 100.0
   Gauntlet |       0 |    3409 | 100.0 |       0 |      12 | 100.0
            +---------+---------+-------+---------+---------+-------

Illustrated notes

Table legend:
 A = Kills in this place as a percentage of kills in entire the game.
 B = Kills by you in this place as a percentage of kills by you in the entire game.
 C = Kills by friends in this place as a percentage of kills by friends in the entire game.
 D = Other kills in this place as a percentage of other kills in the entire game.
 E = Experience gained in this place as a percentage of experience gained in the entire game.
 F = Experience gained in this place divided by the number of levels of this place that you have seen.
                   A       B       C       D       E      F
               +-------+-------+-------+-------+-------+----------------------
         Total | 100.0 | 100.0 | 100.0 | 100.0 | 100.0 | 3254.5
       Dungeon |  57.7 |  57.5 | 100.0 |  66.7 |  32.3 | 1840.8
          Lair |  27.0 |  27.0 |   0.0 |  33.3 |  58.0 | 7922.0
         Sewer |   9.5 |   9.6 |   0.0 |   0.0 |   0.5 | 331.0
       Volcano |   3.3 |   3.3 |   0.0 |   0.0 |   4.3 | 2906.0
      Gauntlet |   2.5 |   2.5 |   0.0 |   0.0 |   5.0 | 3409.0
               +-------+-------+-------+-------+-------+----------------------

Table legend: (Time is in decaauts)
 A = Elapsed time spent in this place.
 B = Non-inter-level travel time spent in this place.
 C = Inter-level travel time spent in this place.
 D = Time resting spent in this place.
 E = Time spent auto-exploring this place.
 F = Levels seen in this place.
 G = Mean time per level.
                   A        B        C        D        E       F      G
               +--------+--------+--------+--------+--------+-----+--------+
         Total |  15724 |  15367 |    357 |   2921 |   9233 |  21 |  748.8 |
       Dungeon |   9796 |   9560 |    236 |   2050 |   5639 |  12 |  816.3 |
        Temple |     43 |     39 |      4 |      0 |      0 |   1 |   43.0 |
          Lair |   4351 |   4234 |    117 |    565 |   2903 |   5 |  870.2 |
         Sewer |    849 |    849 |      0 |    224 |    373 |   1 |  849.0 |
       Volcano |    309 |    309 |      0 |     44 |    118 |   1 |  309.0 |
      Gauntlet |    373 |    373 |      0 |     37 |    198 |   1 |  373.0 |
               +--------+--------+--------+--------+--------+-----+--------+

Top non-repeatable levels by time:
  Lair:5: 1418 daAuts
    D:10: 1226 daAuts
     D:7: 1126 daAuts
     D:8: 1027 daAuts
  Lair:3: 924 daAuts
  Lair:2: 891 daAuts
   Sewer: 849 daAuts
     D:4: 836 daAuts
     D:6: 821 daAuts
     D:5: 812 daAuts
    D:11: 790 daAuts
     D:1: 757 daAuts
     D:3: 713 daAuts
  Lair:1: 693 daAuts
    D:12: 658 daAuts
